 Dungeon Crawl Stone Soup version 0.30-b1-2-g02819fbbbe (webtiles) character file.

Game seed: 11312228668618515660

9 Alarkh the Insei (level 2, 24/24 HPs)
             Began as a Demonspawn Chaos Knight on May 21, 2023.
             Was a Plaything of Xom.
             Got out of the dungeon alive.
             The game lasted 00:00:35 (297 turns).

Alarkh the Insei (Demonspawn Chaos Knight)           Turns: 297, Time: 00:00:35

Health: 24/24      AC:  7    Str: 12    XL:     2   Next: 3%
Magic:  2/2        EV: 11    Int: 13    God:    Xom [..*...]
Gold:   13         SH:  0    Dex: 12    Spells: 1/1 levels left

rFire   . .          .
                       - Unarmed
rCold   . . .        (no shield)
rNeg    . . .        a - +2 leather armour
rPois   .            (no helmet)
rElec   .            (no cloak)
rCorr   .            (no gloves)
SInv    .            (no boots)
Will    .....        (no amulet)
Stlth   +            (no ring)
HPRegen 0.24/turn    (no ring)
MPRegen 0.08/turn

%: no passive effects
@: no status effects
A: icy blue scales 1
a: Renounce Religion


You escaped.
You worshipped Xom.
You were a toy of Xom.
You visited 1 branch of the dungeon, and saw 1 of its levels.

You collected 13 gold pieces.

Inventory:

Armour
 a - a +2 leather armour (worn)
Scrolls
 c - 2 scrolls of identify {unknown}
Miscellaneous
 b - a piece from Xom's chessboard (3/15) (quivered)


   Skills:
 - Level 3.0 Fighting
 - Level 1.7 Armour
 - Level 0.8 Dodging
 + Level 3.2 Unarmed Combat


You had one spell level left.
You didn't know any spells.
Your spell library was empty.

Dungeon Overview and Level Annotations

Branches:
Dungeon (1/15)

Altars:


Innate Abilities, Weirdness & Mutations

You are partially covered in icy blue scales. (AC +2)


Message History

You detect nothing.
The frilled lizard barely misses you.
You miss the frilled lizard. You closely miss the frilled lizard.
The frilled lizard bites you but does no damage.
You miss the frilled lizard.
The frilled lizard bites you but does no damage.
You hit the frilled lizard but do no damage.
The frilled lizard misses you.
You closely miss the frilled lizard.
The frilled lizard bites you but does no damage.
You closely miss the frilled lizard. Your punch misses the frilled lizard.
The frilled lizard bites you.
You miss the frilled lizard. The frilled lizard barely misses you.
You barely miss the frilled lizard. The frilled lizard closely misses you.
You closely miss the frilled lizard.
The frilled lizard bites you but does no damage.
You hit the frilled lizard.
You kill the frilled lizard!
You have reached level 2!
Your demonic ancestry asserts itself...
Icy blue scales grow over part of your body.
c - 2 scrolls labelled SOIMEL PESS (gained 1)
You see here a human corpse.
You now have 13 gold pieces.
You see here a human skeleton.
You see here a +0 club.
A frilled lizard comes into view.
Found a chain mail.
You make a move on Xom's chessboard...
The frilled lizard struggles to resist.
You closely miss the frilled lizard.
The frilled lizard bites you but does no damage.
You hit the frilled lizard.
You kill the frilled lizard!
No target in view!
No target in view!
You enter the shallow water.
Moving in this stuff is going to be slow.
There is a staircase leading out of the dungeon here.
Are you sure you want to leave the Dungeon?
This will make you lose the game!
You have escaped!

#.# #.# #.# ...#
################.# ..#
≈≈≈≈§§§≈≈≈≈≈≈≈≈#.# ..#
≈≈≈≈§.§...≈≈≈§§#.# ...
≈≈.§§§~~~....§§#.# #.#
§...~~~.~~~..§≈#.# #.#
≈..~~..@.~~~.....#####.#
≈§§.~~~.~~~...≈#.....÷.†
≈≈....~~~.§§§§§####..###
≈§§§≈.....§§§§§# #......
≈≈≈≈≈≈≈.§§≈§≈≈≈# #.#.###
#######.######## #......
.............# #......
############.#####......
#.##.........


There were no monsters in sight!

Vanquished Creatures
  A dart slug (D:1)
  2 ball pythons (D:1)
  2 bats (D:1)
  2 frilled lizards (D:1)
7 creatures vanquished.

Vanquished Creatures (others)
  A goblin (D:1)
1 creature vanquished.

Grand Total: 8 creatures vanquished

Notes
Turn   | Place    | Note
-------+----------+-------------------------------------------
     0 | D:1      | Alarkh the Demonspawn Chaos Knight began the quest for the
                  | Orb.
     0 | D:1      | Reached XP level 1. HP: 18/18 MP: 1/1
   164 | D:1      | XOM: divination: detect creatures
   175 | D:1      | Gained mutation: You are partially covered in icy blue
                  | scales. (AC +2) [demonic ancestry]
   175 | D:1      | Reached XP level 2. HP: 23/24 MP: 2/2
   297 | D:$      | Got out of the dungeon alive.

Illustrated notes

Levels and vault maps discovered:
D:1:      dpeg_arrival_shrine, layout_basic,
          wander_ebering_terrifying_dragon_lair

Skill      XL: |  1 |
---------------+----+-----
Unarmed Combat | 3 |  3.2
Fighting       | |  3.0
Armour         | |  1.7
Dodging        | |  0.8

Action                     || total
---------------------------++-------
  Melee: Unarmed           ||    39
         Punch             ||     1
  Evoke: Piece from Xom's  ||    12
   Stab: Paralysed         ||     1
 Armour: Leather armour    ||    29
  Dodge: Dodged            ||    27
